 Dungeon Crawl Stone Soup version 0.26.0-15-gc6cd9f700b (webtiles) character file.

Game seed: 13973340380960169509

30003 Strat the Severer (level 13, -4/123 HPs)
             Began as a Deep Dwarf Gladiator on Jan 15, 2021.
             Was a High Priest of Makhleb.
             Killed from afar by Aizul (44 damage)
             ... with a poison arrow
             ... on level 2 of the Snake Pit.
             The game lasted 00:33:58 (7910 turns).

Strat the Severer (Deep Dwarf Gladiator)            Turns: 7910, Time: 00:33:59

Health: -4/123     AC: 22    Str: 24    XL:     13   Next: 18%
Magic:  8/8        EV: 12    Int:  8    God:    Makhleb [*****.]
Gold:   1026       SH:  5    Dex: 14    Spells: 12/12 levels left

rFire    + . .     SeeInvis .   a - +0 battleaxe
rCold    . . .     Faith    .   (shield currently unavailable)
rNeg     . . .     Spirit   .   o - +0 plate armour
rPois    .         Reflect  +   c - +2 helmet
rElec    +         Harm     .   (no cloak)
rCorr    .         Rampage  .   n - +0 pair of gloves
Will     +....                  (no boots)
Stlth    ..........             w - amulet of reflection
HPRegen  0.00/turn              J - ring "Acaun" {rElec rF+ EV+4}
MPRegen  0.11/turn              h - +4 ring of protection

@: lethally poisoned (-4 -> -4), berserk cooldown, non-regenerating, hasted and
slowed, studying Hexes
A: damage resistance, heal wounds, sense surroundings 2, no regeneration
a: Heal Wounds, Renounce Religion, Minor Destruction, Lesser Servant of Makhleb,
Major Destruction, Greater Servant of Makhleb


You were on level 2 of the Snake Pit.
You worshipped Makhleb.
Makhleb was extremely pleased with you.
You visited 4 branches of the dungeon, and saw 18 of its levels.
You visited the Abyss 1 time.
You also visited: Sewer.

You collected 1026 gold pieces.

Inventory:

Hand Weapons
 a - a +0 battleaxe (weapon)
 e - a +1 mace of protection
 B - a +2 war axe of freezing
 I - a +0 dire flail
Missiles
 d - 4 throwing nets (quivered)
 p - 6 curare-tipped darts
Armour
 c - a +2 helmet (worn)
 n - a +0 pair of gloves (worn)
 o - a +0 plate armour (worn)
 F - the +0 pair of gloves "Casieniw" {rElec Int-2 Slay+4}
   (You found it on level 1 of the Lair of Beasts)

   It affects your intelligence (-2).
   It affects your accuracy and damage with ranged weapons and melee attacks
   (+4).
   It insulates you from electricity.
Jewellery
 h - a +4 ring of protection (right hand)
 w - an amulet of reflection (around neck)
 J - the ring "Acaun" (left hand) {rElec rF+ EV+4}
   (You found it on level 2 of the Lair of Beasts)

   [ring of evasion]

   It affects your evasion (+4).
   It protects you from fire.
   It insulates you from electricity.
Wands
 x - a wand of enslavement (5)
 D - a wand of random effects (11)
 R - a wand of paralysis (12)
Scrolls
 l - 5 scrolls of enchant armour
 q - 6 scrolls of remove curse
 r - a scroll of fog {unknown}
 t - a scroll of enchant weapon
 z - a scroll of teleportation
 E - 5 scrolls of magic mapping
 G - 5 scrolls of identify
 H - a scroll of amnesia
 L - a scroll of blinking
Potions
 b - a potion of ambrosia
 f - a potion of invisibility
 g - 2 potions of might
 i - 2 potions of lignification
 j - 4 potions of curing
 m - 2 potions of degeneration
 s - 2 potions of mutation
 u - 7 potions of flight
 v - 3 potions of brilliance
 K - 2 potions of attraction
Books
 y - a manual of Hexes


   Skills:
 - Level 10.0 Fighting
 + Level 17.9 Axes
 - Level 1.7 Throwing
 + Level 7.8 Armour
 - Level 3.2 Dodging
 + Level 9.2 Invocations


You had 12 spell levels left.
You didn't know any spells.
Your spell library contained the following spells:

 Spells                   Type           Power        Failure   Level
 Shock                    Conj/Air       0%           99%         1
 Swiftness                Air            0%           100%        2
 Confusing Touch          Hex            0%           100%        3
 Gell's Gravitas          Tloc           0%           100%        3
 Ignite Poison            Fire/Tmut/Pois 0%           100%        3
 Static Discharge         Conj/Air       0%           100%        3
 Airstrike                Air            0%           100%        4
 Animate Dead             Necr           0%           100%        4
 Petrify                  Tmut/Erth      0%           100%        4
 Summon Lightning Spire   Summ/Air       0%           100%        4
 Bolt of Magma            Conj/Fire/Erth 0%           100%        5
 Borgnjor's Vile Clutch   Necr/Erth      0%           100%        5
 Fireball                 Conj/Fire      0%           100%        5
 Iskenderun's Battlesphe  Conj           0%           100%        5
 Lightning Bolt           Conj/Air       0%           100%        5
 Metabolic Englaciation   Hex/Ice        0%           100%        5
 Silence                  Hex/Air        0%           100%        5
 Yara's Violent Unravell  Hex/Tmut       0%           100%        5
 Conjure Ball Lightning   Conj/Air       0%           100%        6
 Death Channel            Necr           0%           100%        6
 Iron Shot                Conj/Erth      0%           100%        6
 Simulacrum               Ice/Necr       0%           100%        6
 Starburst                Conj/Fire      0%           100%        6
 Orb of Destruction       Conj           0%           100%        7
 Spellforged Servitor     Conj/Summ      0%           100%        7
 Ignition                 Fire           0%           100%        8
 Tornado                  Air            0%           100%        9


Dungeon Overview and Level Annotations

Branches:
Dungeon (9/15)             Temple (1/1) D:5            Lair (6/6) D:9
  Swamp (0/4) Lair:3        Snake (2/4) Lair:4        Slime (0/5) Lair:6
  Sewer (visited)
    Orc: D:9-12

Altars:
Ashenzari
Gozag
Kikubaaqudgha
Makhleb
Nemelex Xobeh
Qazlal
Ru
Sif Muna
Trog
Uskayaw
Vehumet
Wu Jian
Xom
Yredelemnul
Zin
The Shining One

Shops:
D:4 [!   Snake:1 =

Annotations:
D:4 Eustachio
D:7 Maggie
Snake:2 Aizul


Innate Abilities, Weirdness & Mutations

You are resistant to damage.
You can heal yourself by infusing magical energy.
You passively map the area around you.
You do not regenerate.


Message History

Aizul is almost dead.
You feel sick. Aizul casts a spell at you. The bolt of poison hits you!!
You are lethally poisoned!
* * * LOW HITPOINT WARNING * * *
You feel much better.
* * * LOW HITPOINT WARNING * * *
You feel very sick. Aizul hits you!
* * * LOW HITPOINT WARNING * * *
Aizul closely misses you.
You feel better.
Aizul moans, "No job prospects!
Who wants sleepy Aizul to guard their treasure?"
Aizul hits you.
You feel much better.
Aizul coils herself and waves her upper body at you.
The poison arrow hits you!!!
You are poisoned.
You die...

, ...#*#...#*..... , *
#..##...##....#. , ,
##..#...........[ ,,
##.##....#........... ,
,#......<.........#...
##...................,,
, #......##............
,
.......###...S.......,
, .............@.......
,, , ,
.....................,
,
,.............../.....,
, .....................
, , ................. ,
................. , , ,
................ , , ,
,,............... , ,,
, , , ,


You could see Aizul.

Vanquished Creatures
  A ghost moth (Lair:2)
  A catoblepas (Lair:4)
  2 naga warriors (Abyss:1)
  A two-headed ogre (D:9)
  A bog body (Lair:3)
  Pikel (D:4)
  A necromancer (D:9)
  4 black mambas
  A guardian serpent (Abyss:1)
  7 elephants (Lair:4)
  A naga mage (Snake:1)
  A smoke demon (Abyss:1)
  4 cane toads
  A large abomination (Abyss:1)
  2 rime drakes (Lair:6)
  6 komodo dragons
  5 polar bears (Lair:6)
  8 blink frogs
  3 hornets (Lair:6)
  6 dream sheep
  10 spriggans (Lair:6)
  2 wyverns
  8 yaks
  4 basilisks
  Edmund (D:4)
  9 nagas
  2 swamp worms (Lair:3)
  7 water moccasins
  3 orc warriors
  A black bear (Lair:6)
  2 ice beasts
  An eye of draining (D:9)
  2 phantoms
  A sky beast (D:8)
  3 ogres
  18 wolves (Lair:6)
  4 boggarts (Lair:6)
  A centaur (D:9)
  2 big kobolds
  13 bullfrogs
  9 killer bees
  17 wights
  An electric eel (Lair:3)
  A centaur zombie (D:6)
  A hound (D:7)
  5 starcursed masses (Abyss:1)
  A bullfrog skeleton (D:8)
  5 jellies
  A centaur skeleton (D:6)
  An orc priest (D:6)
  4 iguanas
  4 orc wizards
  A hell rat (Lair:6)
  2 worker ants
  A killer bee zombie (D:9)
  4 gnolls
  20 adders
  A howler monkey skeleton (D:5)
  9 river rats
  3 shadow imps
  4 white imps
  An ufetubus (D:7)
  6 oozes
  2 worms
  A dart slug (D:2)
  2 leopard geckos (D:4)
  16 orcs
  3 giant cockroaches
  8 goblins
  4 hobgoblins
  6 jackals
  6 quokkas
  7 ball pythons
  9 bats
  4 frilled lizards
  21 kobolds
  A quokka skeleton (D:9)
  21 rats
364 creatures vanquished.

Vanquished Creatures (others)
  A black mamba (Lair:4)
  8 fungi
  45 plants
  11 toadstools (D:8)
65 creatures vanquished.

Grand Total: 429 creatures vanquished

Notes
Turn   | Place    | Note
-------+----------+-------------------------------------------
     0 | D:1      | Strat the Deep Dwarf Gladiator began the quest for the Orb.
     0 | D:1      | Reached XP level 1. HP: 19/19 MP: 1/1
    53 | D:1      | Reached skill level 4 in Axes
    53 | D:1      | Reached XP level 2. HP: 24/26 MP: 2/2
   313 | D:2      | Reached XP level 3. HP: 19/32 MP: 3/3
   368 | D:2      | Found a shimmering blue altar of Sif Muna.
   394 | D:2      | Reached skill level 5 in Axes
   421 | D:2      | Reached XP level 4. HP: 39/39 MP: 4/4
   827 | D:3      | Reached skill level 6 in Axes
   959 | D:3      | Reached XP level 5. HP: 26/45 MP: 5/5
  1201 | D:3      | Reached skill level 7 in Axes
  1310 | D:4      | Noticed a lemure
  1310 | D:4      | Noticed a lemure
  1310 | D:4      | Noticed a lemure
  1310 | D:4      | Noticed a lemure
  1311 | D:4      | Noticed Pikel
  1350 | D:4      | Killed Pikel
  1351 | D:4      | Reached skill level 8 in Axes
  1351 | D:4      | Reached XP level 6. HP: 41/52 MP: 5/5
  1351 | D:4      | Reached XP level 7. HP: 46/58 MP: 6/6
  1435 | D:4      | Noticed Eustachio
  1525 | D:4      | Found a glowing drain.
  1542 | Sewer    | Entered a sewer
  1618 | Sewer    | Reached skill level 9 in Axes
  2068 | D:4      | Found a broken altar of Ashenzari.
  2069 | D:4      | Noticed Edmund
  2080 | D:4      | Killed Edmund
  2081 | D:4      | Reached skill level 5 in Armour
  2081 | D:4      | Reached XP level 8. HP: 40/66 MP: 7/7
  2161 | D:4      | Found Ivoteoli's Armour Emporium.
  2187 | D:4      | Found Ythueroe's Distillery.
  2285 | D:5      | Entered Level 5 of the Dungeon
  2295 | D:5      | Found a staircase to the Ecumenical Temple.
  2304 | Temple   | Entered the Ecumenical Temple
  2372 | Temple   | Became a worshipper of Makhleb the Destroyer
  2407 | D:5      | Reached skill level 10 in Axes
  2674 | D:7      | Reached skill level 11 in Axes
  2685 | D:7      | Found a burning altar of Makhleb.
  2721 | D:7      | Noticed Maggie
  2794 | D:8      | Reached * piety under Makhleb
  2867 | D:8      | Gained mutation: You passively map the area around you.
                  | [Deep Dwarf growth]
  2867 | D:8      | Reached XP level 9. HP: 71/73 MP: 8/8
  2880 | D:8      | Reached skill level 12 in Axes
  2955 | D:8      | Reached skill level 13 in Axes
  3151 | D:9      | Noticed a two-headed ogre
  3186 | D:9      | Reached ** piety under Makhleb
  3264 | D:9      | Reached skill level 1 in Invocations
  3290 | D:9      | Reached skill level 14 in Axes
  3347 | D:9      | Found a sparkling altar of Nemelex Xobeh.
  3440 | D:9      | Noticed a necromancer
  3442 | D:9      | Noticed a two-headed ogre
  3446 | D:9      | Killed a two-headed ogre
  3447 | D:9      | Reached XP level 10. HP: 85/85 MP: 2/11
  3458 | D:9      | Killed a necromancer
  3459 | D:9      | Reached skill level 5 in Invocations
  3627 | D:9      | Found a staircase to the Lair.
  3653 | Lair:1   | Entered Level 1 of the Lair of Beasts
  3677 | Lair:1   | Reached skill level 5 in Fighting
  3777 | Lair:1   | Got a pair of jewelled gloves
  3808 | Lair:1   | Identified the +0 pair of gloves "Casieniw" {rElec Int-2
                  | Slay+4} (You found it on level 1 of the Lair of Beasts)
  3842 | Lair:1   | Noticed Sonja
  3854 | Lair:1   | Cast into level 1 of the Abyss (Sonja)
  3856 | Abyss:1  | Found a corrupted altar of Lugonu.
  3913 | Abyss:1  | Noticed a starcursed mass
  3949 | Abyss:1  | Reached *** piety under Makhleb
  3957 | Abyss:1  | Noticed a guardian serpent
  3962 | Abyss:1  | Noticed a naga warrior
  3969 | Abyss:1  | Noticed a smoke demon
  3972 | Abyss:1  | Noticed a naga warrior
  3974 | Abyss:1  | Killed a starcursed mass
  3978 | Abyss:1  | Killed a starcursed mass
  3978 | Abyss:1  | Killed a guardian serpent
  3979 | Abyss:1  | Reached XP level 11. HP: 84/100 MP: 12/12
  4004 | Abyss:1  | Killed a naga warrior
  4019 | Abyss:1  | Killed a naga warrior
  4020 | Abyss:1  | Reached skill level 15 in Axes
  4021 | Lair:1   | Escaped the Abyss
  4022 | Lair:1   | Noticed Sonja
  4022 | Lair:1   | Sonja changed into Sonja the ogre
  4025 | Lair:1   | Killed Sonja the ogre
  4068 | Lair:1   | Noticed a seven-headed hydra
  4230 | Lair:2   | Got a brightly glowing turquoise ring
  4231 | Lair:2   | Identified the ring "Acaun" {rElec rF+ EV+4} (You found it
                  | on level 2 of the Lair of Beasts)
  4248 | Lair:2   | Noticed a five-headed hydra
  4550 | Lair:2   | a five-headed hydra changed into something unseen
  4574 | Lair:2   | Lost intelligence.
  4582 | Lair:2   | Killed a ghost moth
  4957 | Lair:3   | Found a staircase to the Swamp.
  4957 | Lair:3   | Noticed a bog body
  4964 | Lair:3   | Killed a bog body
  5247 | Lair:3   | Reached skill level 16 in Axes
  5538 | Lair:4   | Reached XP level 12. HP: 96/116 MP: 12/12
  5573 | Lair:4   | Reached skill level 10 in Fighting
  5629 | Lair:4   | Reached **** piety under Makhleb
  5801 | Lair:4   | Noticed a catoblepas
  5823 | Lair:4   | Killed a catoblepas
  5824 | Lair:4   | Reached skill level 17 in Axes
  6839 | Lair:6   | Entered Level 6 of the Lair of Beasts
  6985 | Lair:6   | Paralysed by a hornet for 3 turns
  7038 | Lair:6   | Noticed a four-headed hydra
  7121 | Lair:6   | Found a staircase to the Slime Pits.
  7333 | Lair:6   | Reached XP level 13. HP: 79/123 MP: 10/10
  7359 | Lair:6   | Reached ***** piety under Makhleb
  7686 | Lair:4   | Found a staircase to the Snake Pit.
  7725 | Snake:1  | Entered Level 1 of the Snake Pit
  7764 | Snake:1  | Found Dipp's Jewellery Boutique.
  7864 | Snake:2  | Noticed Aizul
  7901 | Snake:2  | HP: 5/123 [Aizul/poison arrow (16)]
  7910 | Snake:2  | Killed from afar by Aizul

Illustrated notes

Levels and vault maps discovered:
D:1:      dpeg_arrival_fog, layout_rooms
D:2:      layout_loops_ring, old_standard_altar
D:3:      layout_basic, st_stairs_5
D:4:      layout_loops_ring, evilmike_ruin_ashenzari, lightli_sewer_entry_pipes,
          serial_shops, shop, shop_statue, nicolae_shop_overgrown_old_shop,
          uniq_ijyb, uniq_edmund, uniq_pikel, uniq_eustachio
D:5:      layout_basic, minmay_temple_entry_stoned_glass,
          ebering_ghost_rock_garden, chequers_serial_rivers_small_3
D:6:      minmay_polygon_palace, layout_rooms,
          nicolae_dithmenos_through_a_glass_darkly
D:7:      layout_basic, marbit_many_paths, okawaru_humans,
          makhleb_heckhound_becter, uniq_maggie
D:8:      layout_rooms, tgw_fedhas
D:9:      nzn_winding_woodlands_cross [nzn_winding_woodlands_5x15_lazy_stream,
          nzn_winding_woodlands_5x15_pockets, nzn_winding_woodlands_5x15_eye,
          nzn_winding_woodlands_5x15_default,
          nzn_winding_woodlands_15x15_five_gardens], layout_rooms,
          nemelex_xobeh_ov_fountains_minmay
Temple:   eino_temple_scatter_basement
Lair:1:   layout_loops_ring, minivault_27, serial_bayou_crossing, uniq_sonja,
          uniq_nergalle
Lair:2:   layout_cave_pods, grunt_megastairs_1
Lair:3:   layout_cave_pods, nicolae_swamp_entry_splash_gauntlet,
          serial_bayou_pond_c
Lair:4:   layout_regular_city, minmay_snake_entry_guardpost_medium
Lair:5:   layout_cave_pods, cheibrodos_lair_reptile_den, lemuel_fruit_tree,
          serial_bayou_shore_b
Lair:6:   minmay_lair_end_enchanted_forest, layout_hall_layers,
          nicolae_slime_entry_slimehenge, minmay_lair_oklob_chamber
Snake:1:  layout_onion, serial_shops, nicolae_shop_stone
Snake:2:  layout_cave_shapes, st_stairs_9, uniq_aizul

Skill      XL: |  1  2  3  4  5  6  7  8  9 10 11 12 13 |
---------------+----------------------------------------+-----
Axes           | 4 5 6 8 9 11 14 16 17 | 17.9
Armour         | 3 5 7 |  7.8
Fighting       | 3 7 9 10 | 10.0
Invocations    | 4 6 8 9 |  9.2
Throwing       | |  1.7
Dodging        | |  3.2

Action                   |  1- 3 |  4- 6 |  7- 9 | 10-12 | 13-15 || total
-------------------------+-------+-------+-------+-------+-------++-------
Melee: War axe           |    79 |   141 |   356 |       |       ||   576
       Battleaxe         |       |       |    61 |   630 |   184 ||   875
Invok: Lesser Servant of |       |       |       |     1 |       ||     1
 Abil: Heal Wounds       |     2 |     2 |     7 |    34 |    12 ||    57
Evoke: Wand              |       |       |     2 |     5 |       ||     7
  Use: Scroll            |       |     6 |    11 |    14 |     5 ||    36
       Potion            |       |       |     1 |     4 |     7 ||    12
 Stab: Sleeping          |       |     1 |       |       |       ||     1
Armor: Leather armour    |    36 |    58 |    34 |       |       ||   128
       Plate armour      |       |       |   200 |   540 |   133 ||   873
       Chain mail        |       |       |    19 |       |       ||    19
Dodge: Dodged            |    73 |   112 |   174 |   383 |   106 ||   848
Block: Other             |       |       |    16 |   191 |    29 ||   236
       Reflection        |       |       |     1 |     4 |     1 ||     6
